 Dungeon Sprint DCSS version 0.29-a0-369-gd956c00756 (webtiles) character file.

Game seed: 10475386701207979246

5037 mhtbhm the Severer (level 10, -10/157 HPs)
             Began as a Minotaur Berserker on May 1, 2022.
             Was the Champion of Trog.
             Mangled by a spriggan berserker
             ... wielding a +0 flail
              (28 damage)
             ... in the Dungeon (Sprint IV: "Fedhas' Mad Dash").
             The game lasted 00:03:54 (2637 turns).

mhtbhm the Severer (Minotaur Berserker)             Turns: 2637, Time: 00:03:56

Health: -10/157    AC:  5    Str: 26    XL:     10   Next: 30%
Magic:  9/9        EV: 14    Int:  4    God:    Trog [******]
Gold:   203        SH:  0    Dex: 10    Spells: 9/9 levels left

rFire   . . .      SeeInvis .   a - +5 broad axe "Houwk" {vorpal, Stlth+}
rCold   . . .      Faith    .   (no shield)
rNeg    . . .      Spirit   .   b - +0 animal skin
rPois   .          Reflect  .   (helmet restricted)
rElec   .          Harm     .   o - +0 cloak
rCorr   .          Rampage  .   l - +0 pair of gloves
Will    .....      NoTele   +   (no boots)
Stlth   ..........              k - amulet of invisibility {+Inv}
HPRegen 0.36/turn               (no ring)
MPRegen 0.11/turn               (no ring)

@: berserking (expiring), very quick
A: horns 2, retaliatory headbutt
a: Renounce Religion, Evoke Invisibility, Berserk, Trog's Hand, Brothers in Arms


You were in the Dungeon.
You worshipped Trog.
Trog was exalted by your worship.
You visited 1 branch You collected 203 gold pieces.

Inventory:

Hand Weapons
 a - the +5 broad axe "Houwk" (weapon) {vorpal, Stlth+}
   (Trog gifted it to you in the Dungeon)

   It inflicts extra damage upon your enemies.
   Stlth:     It makes you more stealthy.
Missiles
 c - 2 poisoned darts
 d - 5 boomerangs
 q - 2 curare-tipped darts (quivered)
Armour
 b - a +0 animal skin (worn)
 l - a +0 pair of gloves (worn)
 o - a +0 cloak (worn)
Jewellery
 k - the amulet of invisibility (around neck) {+Inv}
   (You found it in the Dungeon)

   [amulet of nothing]

   +Inv:      It lets you turn invisible.
Scrolls
 h - a scroll of blinking
 i - a scroll of fog {unknown}
 j - a scroll of amnesia {unknown}
 m - 2 scrolls of identify {unknown}
 n - 2 scrolls of vulnerability {unknown}
Potions
 e - a potion of haste
 f - 2 potions of magic
 g - a potion of berserk rage
 p - a potion of curing


   Skills:
 + Level 15.1 Fighting
 + Level 18.3 Axes
 + Level 6.4 Armour
 + Level 8.5 Dodging
 + Level 7.3 Stealth
 + Level 7.9 Evocations


You had 9 spell levels left.
You didn't know any spells.
Your spell library was empty.

Dungeon Overview and Level Annotations

Branches:
Dungeon (1/1)

Altars:
Cheibriados
Dithmenos
Elyvilon
Gozag
Hepliaklqana
Kikubaaqudgha
Makhleb
Nemelex Xobeh
Okawaru
Qazlal
Ru
Sif Muna
Trog
Uskayaw
Vehumet
Wu Jian
Xom
Yredelemnul
Zin
The Shining One
Beogh
Jiyva
Lugonu

Shops:
D =?:==(

Annotations:
D Agnes


Innate Abilities, Weirdness & Mutations

You have a pair of horns on your head.
You reflexively headbutt those who attack you in melee.


Message History

You feel yourself moving faster!
You feel mighty!
Agnes says, "You will find the Path of Peace easy to follow, in death."
You closely miss Agnes.
Agnes is lightly wounded.
Agnes hits you with a +5 vampiric lajatang!!!
You closely miss Agnes.
Agnes is lightly wounded.
Agnes hits you with a +5 vampiric lajatang!!
Agnes draws strength from your wounds!
A spriggan berserker comes into view. It is wielding a +0 flail.
You slice Agnes!! Your headbutt misses Agnes.
Agnes is moderately wounded.
Agnes hits you with a +5 vampiric lajatang!
Agnes draws strength from your wounds!
You closely miss Agnes. You headbutt Agnes.
Agnes is moderately wounded.
Agnes hits you with a +5 vampiric lajatang!!
You slice Agnes!!
Agnes is heavily wounded.
Agnes hits you with a +5 vampiric lajatang!!
* * * LOW HITPOINT WARNING * * *
Agnes draws strength from your wounds!
Unknown command.
You miss Agnes.
Agnes is heavily wounded.
Unknown command.
You closely miss the spriggan berserker.
You headbutt the spriggan berserker!
The spriggan berserker is lightly wounded.
Unknown command.
You slice the spriggan berserker!!
The spriggan berserker is almost dead.
The spriggan berserker hits you with a +0 flail!
* * * LOW HITPOINT WARNING * * *
You barely miss the spriggan berserker.
The spriggan berserker is almost dead.
You miss the spriggan berserker.
The spriggan berserker is almost dead.
The spriggan berserker hits you with a +0 flail!!
You die...

#.⌠._._._._.⌠.#..')..#....##∩##:#
'.._._._._._..'..#)..#....'))##'#
#..._._._._...#..###'##...##∩#..#
#.._._._._._..#..##∩∩.'...#####..
#._._._._._.⌠.#################..
###################......###)....
#♣♣♣♣♣..♣.###.'..'.....()'.')).♣.
......♣..♣##:.#..#......)########
♣..♣♣♣.♣).###.##@##.P....#
.♣♣..♣...♣'...#♣i♣######## #
#############.i. .♣..♣ .♣.... ..
♣.(.. ## #####


You could see Agnes (fast, poisoned, slow) and a spriggan berserker.

Vanquished Creatures
  A spriggan druid (D)
  6 oklob plants (D)
  A demonic crawler (D)
  3 burning bushes (D)
  A queen bee (D)
  A hornet (D)
  2 wandering mushrooms (D)
  3 scorpions (D)
  4 killer bees (D)
  5 oklob saplings (D)
  5 spriggans (D)
  A river rat (D)
  A rat (D)
  A ballistomycete spore (D)
35 creatures vanquished.

Vanquished Creatures (others)
  A wandering mushroom (D)
  3 fungi (D)
4 creatures vanquished.

Grand Total: 39 creatures vanquished

Notes
Turn   | Place    | Note
-------+----------+-------------------------------------------
     0 | D        | mhtbhm the Minotaur Berserker began the quest for the Orb.
     0 | D        | Reached XP level 1. HP: 19/19 MP: 0/0
     7 | D        | Reached skill level 4 in Axes
     7 | D        | Reached XP level 2. HP: 28/28 MP: 1/1
    52 | D        | Noticed an oklob sapling
    53 | D        | Killed an oklob sapling
    54 | D        | Reached skill level 6 in Axes
    54 | D        | Reached XP level 3. HP: 37/37 MP: 2/2
   182 | D        | Noticed a scorpion
   182 | D        | Found the amulet of invisibility {+Inv}
   185 | D        | Killed a scorpion
   185 | D        | Reached ** piety under Trog
   186 | D        | Reached skill level 7 in Axes
   186 | D        | Reached XP level 4. HP: 47/47 MP: 3/3
   324 | D        | Reached skill level 8 in Axes
   624 | D        | Found an opulent altar of Gozag.
   624 | D        | Found a hazy altar of Hepliaklqana.
   624 | D        | Found a burning altar of Makhleb.
   624 | D        | Found a sparkling altar of Nemelex Xobeh.
   624 | D        | Found a snail-covered altar of Cheibriados.
   624 | D        | Found a sacrificial altar of Ru.
   624 | D        | Found a shimmering blue altar of Sif Muna.
   624 | D        | Found a shimmering altar of Xom.
   624 | D        | Found a basalt altar of Yredelemnul.
   625 | D        | Found a viscous altar of Jiyva.
   625 | D        | Found a bloodstained altar of Trog.
   625 | D        | Found an ornate altar of the Wu Jian Council.
   626 | D        | Found an iron altar of Okawaru.
   626 | D        | Found a shadowy altar of Dithmenos.
   626 | D        | Found a glowing silver altar of Zin.
   627 | D        | Found an ancient bone altar of Kikubaaqudgha.
   627 | D        | Found a hide-covered altar of Uskayaw.
   628 | D        | Found a stormy altar of Qazlal.
   628 | D        | Found a white marble altar of Elyvilon.
   628 | D        | Found a glowing golden altar of the Shining One.
   629 | D        | Found a corrupted altar of Lugonu.
   629 | D        | Found a radiant altar of Vehumet.
   639 | D        | Reached skill level 9 in Axes
   639 | D        | Reached XP level 5. HP: 52/56 MP: 2/4
   756 | D        | Reached skill level 1 in Stealth
   756 | D        | Reached skill level 1 in Evocations
   768 | D        | Reached *** piety under Trog
   769 | D        | Reached skill level 10 in Axes
   771 | D        | Reached skill level 5 in Armour
   771 | D        | Reached XP level 6. HP: 66/66 MP: 3/5
   780 | D        | Found Apsuch's Magic Scroll Shop.
   780 | D        | Found Xuobbudo's Jewellery Emporium.
   814 | D        | Noticed a burning bush
   814 | D        | Noticed a wandering mushroom
   815 | D        | Noticed a wandering mushroom
  1082 | D        | Killed a wandering mushroom
  1083 | D        | Reached skill level 10 in Fighting
  1083 | D        | Reached skill level 11 in Axes
  1083 | D        | Reached skill level 5 in Dodging
  1225 | D        | Killed a burning bush
  1225 | D        | Reached **** piety under Trog
  1226 | D        | Reached skill level 12 in Axes
  1226 | D        | Reached XP level 7. HP: 74/74 MP: 6/6
  1312 | D        | Found Urhok's Jewellery Emporium.
  1312 | D        | Found Siczuigh's Book Shoppe.
  1370 | D        | Noticed a queen bee
  1377 | D        | Reached skill level 13 in Axes
  1382 | D        | Killed a queen bee
  1382 | D        | Reached ***** piety under Trog
  1383 | D        | Reached XP level 8. HP: 83/83 MP: 5/7
  1496 | D        | Noticed an oklob plant
  1502 | D        | Killed an oklob plant
  1503 | D        | Reached skill level 14 in Axes
  1570 | D        | Noticed a burning bush
  1576 | D        | Killed a burning bush
  1576 | D        | Received a gift from Trog
  1577 | D        | Reached skill level 15 in Axes
  1577 | D        | Reached skill level 5 in Evocations
  1599 | D        | Noticed a burning bush
  1599 | D        | Noticed an oklob plant
  1600 | D        | Noticed a wandering mushroom
  1604 | D        | Killed a burning bush
  1612 | D        | Killed an oklob plant
  1613 | D        | Reached skill level 16 in Axes
  1613 | D        | Reached skill level 5 in Stealth
  1613 | D        | Reached XP level 9. HP: 51/93 MP: 6/8
  1629 | D        | Identified the +8 bardiche of the Tiger {vorpal, Dex+2}
  2066 | D        | Noticed a spriggan druid
  2072 | D        | Killed a spriggan druid
  2187 | D        | Noticed an oklob plant conjurer
  2190 | D        | Killed an oklob plant conjurer
  2266 | D        | Noticed an oklob plant
  2266 | D        | Noticed an oklob plant summoner
  2267 | D        | Noticed an oklob plant shifter
  2273 | D        | Killed an oklob plant
  2274 | D        | Reached skill level 17 in Axes
  2277 | D        | Killed an oklob plant shifter
  2277 | D        | Identified the +5 broad axe "Houwk" {vorpal, Stlth+} (Trog
                  | gifted it to you in the Dungeon)
  2277 | D        | Received a gift from Trog
  2278 | D        | Killed an oklob plant summoner
  2279 | D        | Reached XP level 10. HP: 76/104 MP: 7/9
  2502 | D        | Noticed a spriggan rider
  2503 | D        | Found Qyharis's Jewellery Emporium.
  2506 | D        | Reached ****** piety under Trog
  2507 | D        | Reached skill level 18 in Axes
  2513 | D        | Reached skill level 15 in Fighting
  2515 | D        | Found Ilunkaeg's Weapon Shoppe.
  2623 | D        | Noticed Agnes
  2629 | D        | Noticed a spriggan berserker
  2637 | D        | Mangled by a spriggan berserker

Illustrated notes

Levels and vault maps discovered:
D:        dungeon_sprint_fedhas [sprint_temple]

Skill      XL: |  1  2  3  4  5  6  7  8  9 10 |
---------------+-------------------------------+-----
Fighting       | 4 6 7 8 9 11 12 13 14 15 | 15.1
Axes           | 4 6 7 9 10 12 13 16 17 18 | 18.3
Armour         | 3 4 5 6 |  6.4
Dodging        | 3 4 5 6 7 8 |  8.5
Stealth        | 1 3 5 6 7 |  7.3
Evocations     | 1 3 4 6 7 |  7.9

Action                   |  1- 3 |  4- 6 |  7- 9 | 10-12 || total
-------------------------+-------+-------+-------+-------++-------
Melee: Hand axe          |     4 |    46 |       |       ||    50
       Headbutt          |     1 |     8 |    12 |     5 ||    26
       Punch             |       |     3 |     1 |       ||     4
       War axe           |       |       |    13 |       ||    13
       Broad axe         |       |       |    29 |    21 ||    50
Throw: Dart              |       |       |       |     1 ||     1
Invok: Berserk           |     3 |     4 |     4 |     2 ||    13
 Abil: Evoke Invisibilit |       |     2 |     3 |       ||     5
  Use: Potion            |       |       |     2 |       ||     2
 Stab: Invisible         |       |     1 |     1 |       ||     2
       Sleeping          |       |     1 |     4 |       ||     5
Armor: Animal skin       |       |     4 |       |       ||     4
Dodge: Dodged            |     1 |    19 |    19 |     5 ||    44

Table legend: (Time is in decaauts)
 A = Elapsed time spent in this place.
 B = Non-inter-level travel time spent in this place.
 C = Inter-level travel time spent in this place.
 D = Time resting spent in this place.
 E = Time spent auto-exploring this place.
 F = Levels seen in this place.
 G = Mean time per level.
                   A        B        C        D        E       F      G
               +--------+--------+--------+--------+--------+-----+--------+
         Total |   2718 |   2718 |      0 |   2195 |      3 |   1 | 2718.0 |
       Dungeon |   2718 |   2718 |      0 |   2195 |      3 |   1 | 2718.0 |
               +--------+--------+--------+--------+--------+-----+--------+

Top non-repeatable levels by time:
       D: 2718 daAuts
